 Dungeon Crawl Stone Soup version 0.25-a0-287-g56a5b49892 (webtiles) character file.

Game seed: 11267894760647053808, levelgen mode: deterministic

2647 D1HalberdGnoll the Martial Artist (level 9, -10/75 HPs)
             Began as a Green Draconian Transmuter on Dec 12, 2019.
             Was an Initiate of Ru.
             Mangled by a lindwurm (shapeshifter) (20 damage)
             ... on level 8 of the Dungeon.
             The game lasted 00:12:51 (8678 turns).

D1HalberdGnoll the Martial Artist (DrTm)            Turns: 8678, Time: 00:12:52

Health: -10/75     AC:  7    Str: 15    XL:     9   Next: 36%
Magic:  17/17      EV: 12    Int: 14    God:    Ru [......]
Gold:   434        SH:  0    Dex: 14    Spells: 12/19 levels left

rFire    + . .     SeeInvis .   y - +3 dagger (venom)
rCold    . . .     Gourm    .   (no shield)
rNeg     . . .     Faith    .   (armour unavailable)
rPois    +         Spirit   .   (helmet restricted)
rElec    .         Reflect  .   s - scarf {cloud immunity}
rCorr    .         Harm     .   (no gloves)
MR       ++...                  (no boots)
Stlth    ++........             E - amulet of Curiosity {MR++ Regen+ Str+2}
HPRegen  0.62/turn              d - ring of stealth
MPRegen  0.15/turn              u - ring of protection from fire

@: about to teleport, short of breath
A: breathe noxious fumes, unfitting armour, poison resistance, cold-blooded, AC
+7
a: Breathe Noxious Fumes, Renounce Religion


You were on level 8 of the Dungeon.
You worshipped Ru.
Ru was noncommittal.
You were hungry.

You visited 2 branches of the dungeon, and saw 9 of its levels.

You collected 434 gold pieces.

Inventory:

Hand Weapons
 y - a +3 dagger of venom (weapon)
Missiles
 a - 113 arrows
Armour
 s - a scarf of cloud immunity (worn)
Jewellery
 d - a ring of stealth (left hand)
 u - a ring of protection from fire (right hand)
 E - the amulet of Curiosity (around neck) {MR++ Regen+ Str+2}
   (You found it on level 7 of the Dungeon)

   [amulet of regeneration]

   It affects your strength (+2).
   It affects your resistance to hostile enchantments.
   It increases your rate of regeneration.
 F - a cursed ring of teleportation {unknown}
Wands
 j - a wand of digging (6)
 p - a wand of iceblast (18)
 t - a wand of polymorph (8)
 w - a wand of paralysis (2)
 x - a wand of random effects (17)
 B - a wand of disintegration (13)
 D - a wand of acid (8)
Scrolls
 e - 2 scrolls of teleportation
 g - 2 scrolls of immolation
 h - a scroll of amnesia
 i - 5 scrolls of identify
 k - 3 scrolls of remove curse
 n - 2 scrolls of fog
Potions
 b - a potion of curing
 l - 2 potions of heal wounds {unknown}
 o - a potion of might {unknown}
 q - 2 potions of agility
 r - 2 potions of haste
 v - 2 potions of mutation
 z - a potion of flight {unknown}
 A - a potion of resistance {unknown}
Comestibles
 c - 15 rations


   Skills:
 + Level 6.2 Fighting
 - Level 1.7 Dodging
 * Level 8.7 Unarmed Combat
 + Level 5.5 Spellcasting
 + Level 6.0 Transmutations


You had 12 spell levels left.
You knew the following spells:

 Your Spells              Type           Power        Failure   Level  Hunger
b - Sticks to Snakes      Tmut           ###.....     1%          2    ##.....
c - Blade Hands           Tmut           ###.......   36%         5    ######.

Your spell library contained the following spells:

 Spells                   Type           Power        Failure   Level  Hunger
 Beastly Appendage        Tmut           ###...       1%          1    None
 Spider Form              Tmut/Pois      ##........   14%         3    ###....
 Magic Dart               Conj           #...         17%         1    None
 Searing Ray              Conj           #.....       26%         2    ##.....
 Ice Form                 Ice/Tmut       ##......     43%         4    ####...
 Dazzling Flash           Conj/Hex       #.....       45%         3    ###....
 Fulminant Prism          Conj/Hex       #.........   86%         4    ####...
 Iskenderun's Mystic Bla  Conj/Tloc      #.......     86%         4    ####...


Dungeon Overview and Level Annotations

Branches:
Dungeon (8/15)             Temple (1/1) D:6
   Lair: D:8-11

Altars:
Ashenzari
Cheibriados
Dithmenos
Elyvilon
Fedhas
Hepliaklqana
Kikubaaqudgha
Makhleb
Nemelex Xobeh
Okawaru
Qazlal
Ru
Sif Muna
Trog
Vehumet
Wu Jian
Xom
Yredelemnul
Zin
The Shining One

Shops:
D:6 [


Innate Abilities, Weirdness & Mutations

You can breathe blasts of noxious fumes.
Your lurid green scales are hard. (AC +7)
You cannot fit into any form of body armour.
Your system is resistant to poisons. (rPois)
You are cold-blooded and may be slowed by cold attacks.


Message History

Evoke which item? (* to show all) (? for menu, Esc to quit)
Aiming: Paralyse
Press: ? - help, Shift-Dir - straight line, f - shock serpent
Aim: a shock serpent (moderately wounded, covered in acid, chance to defeat MR: 28%)
Okay, then.
Okay, then.
Evoke which item? (* to show all) (? for menu, Esc to quit)
Aiming: Paralyse
Press: ? - help, Shift-Dir - straight line, f - shock serpent
Aim: a shock serpent (moderately wounded, covered in acid, chance to defeat MR: 28%)
The shock serpent easily resists.
The shock serpent changes into a lindwurm!
As you read the scroll of teleportation, it crumbles to dust.
You feel strangely unstable.
A gnoll comes into view.
It is wielding a +2 whip of electrocution.
The lindwurm breathes flames at you. The blast of flame hits you!! You resist.
* * * LOW HITPOINT WARNING * * *
You feel better. The lindwurm bites you!!
You die...

.........# ##..####.#
.........#. #.
#####...##.# .. #####+#
.. +...'##.#.####.......
#####...####.##..#.......
.........#.......#....S..
########.#.......#.......
#.#......@#.......
#.#......†k)).....
##.#...###+###.g...
+......# ... ##.....# .
#.....###_ #.....###.
#.....# #.....#


You could see a lindwurm shaped shifter and a gnoll.

Vanquished Creatures
  A two-headed ogre (D:8)
  A hippogriff (D:8)
  Menkaure (D:7)
  A sky beast (D:8)
  An orc warrior (D:7)
  2 black bears
  A centaur (D:8)
  4 ogres
  A bullfrog (D:8)
  A scorpion (D:6)
  A wight (D:8)
  A howler monkey (D:5)
  A crimson imp (D:5)
  A jelly (D:7)
  A bullfrog zombie (D:6)
  A centaur zombie (D:6)
  A bullfrog skeleton (D:4)
  A centaur skeleton (D:5)
  A hound (D:6)
  2 iguanas
  Terence (D:2)
  Ijyb (D:4)
  4 worker ants
  10 adders
  A shadow imp (D:5)
  An adder zombie (D:8)
  An adder skeleton (D:5)
  5 leopard geckos
  13 orcs
  5 bats
  5 giant cockroaches
  2 gnoll zombies (D:6)
  3 hobgoblins
  2 jackals (D:2)
  5 quokkas
  4 frilled lizards
  6 goblins
  3 kobolds (D:3)
  A quokka skeleton (D:7)
  3 rats
101 creatures vanquished.

Vanquished Creatures (collateral kills)
  A hippogriff (D:7)
  An ogre (D:5)
  An orc wizard (D:7)
  An adder (D:2)
  A worm (D:2)
  3 orcs
  3 goblins (D:4)
11 creatures vanquished.

Vanquished Creatures (others)
  A goblin (D:4)
1 creature vanquished.

Grand Total: 113 creatures vanquished

Notes
Turn   | Place    | Note
-------+----------+-------------------------------------------
     0 | D:1      | D1HalberdGnoll the Draconian Transmuter began the quest for
                  | the Orb.
     0 | D:1      | Reached XP level 1. HP: 16/16 MP: 3/3
   338 | D:1      | Reached XP level 2. HP: 9/23 MP: 3/5
   353 | D:1      | Learned a level 2 spell: Sticks to Snakes
  1724 | D:2      | Reached XP level 3. HP: 29/29 MP: 4/6
  2222 | D:2      | Noticed Terence
  2238 | D:2      | Killed Terence
  2238 | D:2      | Reached XP level 4. HP: 15/36 MP: 2/7
  2584 | D:2      | Found a glowing silver altar of Zin.
  2833 | D:3      | Found a hazy altar of Hepliaklqana.
  2835 | D:3      | Reached skill level 4 in Unarmed Combat
  2888 | D:3      | Found a bloodstained altar of Trog.
  3223 | D:3      | Reached XP level 5. HP: 10/42 MP: 9/9
  3588 | D:4      | Learned a level 5 spell: Blade Hands
  3691 | D:4      | Noticed an ogre
  3702 | D:4      | Killed an ogre
  3853 | D:4      | Reached XP level 6. HP: 51/51 MP: 10/10
  4004 | D:4      | Noticed Ijyb
  4041 | D:4      | Killed Ijyb
  4393 | D:5      | Entered Level 5 of the Dungeon
  4436 | D:5      | Reached skill level 5 in Unarmed Combat
  4961 | D:5      | Your scales start taking on a lurid green colour.
  4961 | D:5      | Reached XP level 7. HP: 57/57 MP: 12/12
  4961 | D:5      | Gained mutation: Your system is resistant to poisons.
                  | (rPois) [Green Draconian growth]
  5825 | D:6      | Reached skill level 6 in Unarmed Combat
  6138 | D:6      | Found a basalt altar of Yredelemnul.
  6222 | D:6      | Found a staircase to the Ecumenical Temple.
  6303 | D:6      | Found Haoreuk's Antique Armour Shoppe.
  6467 | D:6      | Found a shimmering blue altar of Sif Muna.
  6637 | Temple   | Entered the Ecumenical Temple
  6772 | Temple   | Became a worshipper of Ru the Awakened
  7045 | D:7      | Noticed Menkaure
  7057 | D:7      | Killed Menkaure
  7057 | D:7      | Reached XP level 8. HP: 67/67 MP: 14/14
  7126 | D:7      | Got a heavily runed bronze amulet
  7286 | D:7      | Reached skill level 7 in Unarmed Combat
  7494 | D:7      | Noticed a hippogriff
  7507 | D:7      | Killed a hippogriff
  7507 | D:7      | Reached skill level 5 in Fighting
  7507 | D:7      | Reached skill level 5 in Transmutations
  7741 | D:7      | Found a stormy altar of Qazlal.
  7742 | D:7      | Noticed an air elemental
  8105 | D:8      | Reached skill level 5 in Spellcasting
  8364 | D:8      | Identified the amulet of Curiosity {MR++ Regen+ Str+2} (You
                  | found it on level 7 of the Dungeon)
  8395 | D:8      | Noticed a two-headed ogre
  8438 | D:8      | Killed a two-headed ogre
  8438 | D:8      | Reached skill level 8 in Unarmed Combat
  8438 | D:8      | Reached XP level 9. HP: 33/75 MP: 14/17
  8656 | D:8      | Found a glowing golden altar of the Shining One.
  8667 | D:8      | Noticed a guardian serpent
  8674 | D:8      | Noticed a shock serpent
  8676 | D:8      | Noticed a lindwurm
  8676 | D:8      | a shock serpent changed into a lindwurm
  8677 | D:8      | HP: 2/75 [lindwurm (shapeshifter)/blast of flame (19)]
  8678 | D:8      | Mangled by a lindwurm (shapeshifter)

Levels and vault maps discovered:
D:1:      lemuel_arrival_river_bridge, layout_basic
D:2:      layout_basic, lemuel_round_altar, uniq_terence
D:3:      layout_loops_cross, old_standard_altar,
          nicolae_overflow_crystal_walls, first_ration
D:4:      kennysheep_the_goblin_king, layout_rooms
D:5:      layout_basic
D:6:      layout_basic, lemuel_zombie_altar_yredelemnul, kennysheep_mini,
          minmay_temple_entry_trees, serial_shops, shop
D:7:      layout_gridville, nicolae_qazlal_style_of_elements, grunt_ogre_cave,
          uniq_menkaure
D:8:      layout_basic, marbit_many_paths, lemuel_doored_altar,
          david_lair_shrubbed, minmay_bent
Temple:   dshaligram_water_room_temple

Skill      XL: |  1  2  3  4  5  6  7  8  9 |
---------------+----------------------------+-----
Fighting       | 2 3 4 6 |  6.2
Unarmed Combat | 4 5 6 8 |  8.7
Transmutations | 3 4 5 6 |  6.0
Spellcasting   | 3 4 5 |  5.5
Dodging        | |  1.7

Action                   |  1- 3 |  4- 6 |  7- 9 || total
-------------------------+-------+-------+-------++-------
Melee: Unarmed           |    88 |    84 |       ||   172
       Tailslap          |     8 |    20 |    31 ||    59
       Kick              |     7 |     4 |       ||    11
       Headbutt          |     1 |     5 |       ||     6
       Punch             |     1 |     4 |     5 ||    10
       Dagger            |       |    46 |   219 ||   265
       Staff             |       |    25 |       ||    25
 Cast: Beastly Appendage |    11 |    10 |       ||    21
       Sticks to Snakes  |     5 |    12 |    13 ||    30
 Abil: Breathe Noxious F |       |       |     7 ||     7
Evoke: Wand              |       |       |     5 ||     5
  Use: Potion            |     1 |     2 |     1 ||     4
       Scroll            |       |    12 |     4 ||    16
 Stab: Sleeping          |     1 |     1 |     6 ||     8
       Distracted        |       |     1 |       ||     1
       Paralysed         |       |       |     7 ||     7
       Confused          |       |       |     3 ||     3
  Eat: Chunk             |     4 |    10 |    10 ||    24
       Ration            |       |       |     1 ||     1
Armor: Skin              |    33 |    46 |    58 ||   137
Dodge: Dodged            |    53 |   121 |   143 ||   317

Table legend:
 A = Non-vault XP
 B = Vault XP
 C = Vault XP percentage of total XP
 D = Non-vault monster count
 E = Vault monster count
 F = Vault count percentage of total count
                 A         B        C        D         E       F
            +---------+---------+-------+---------+---------+-------
      Total |    2054 |    1728 |  45.7 |      94 |      18 |  16.1
            +---------+---------+-------+---------+---------+-------
        D:1 |      12 |       0 |   0.0 |       8 |       0 |   0.0
        D:2 |      67 |      32 |  32.3 |      17 |       1 |   5.6
        D:3 |      52 |       0 |   0.0 |      11 |       0 |   0.0
        D:4 |     222 |      35 |  13.6 |      11 |       6 |  35.3
        D:5 |     516 |       0 |   0.0 |      19 |       0 |   0.0
        D:6 |     294 |       4 |   1.3 |      11 |       2 |  15.4
        D:7 |     541 |     285 |  34.5 |      11 |       2 |  15.4
        D:8 |     350 |    1372 |  79.7 |       6 |       7 |  53.8
            +---------+---------+-------+---------+---------+-------
